 Dungeon Crawl Stone Soup version 0.28.0-45-g0d030f2227 (webtiles) character file.

Game seed: 12502560455262615151

4062 Icepheonix32 the Chopper (level 10, -12/76 HPs)
             Began as a Demonspawn Fighter on Apr 16, 2022.
             Killed from afar by Psyche (43 damage)
             ... with a bolt of acid
             ... on level 9 of the Dungeon.
             The game lasted 00:10:22 (10037 turns).

Icepheonix32 the Chopper (Demonspawn Fighter)      Turns: 10037, Time: 00:10:23

Health: -12/76     AC:  9    Str: 18    XL:     10   Next: 5%
Magic:  10/10      EV: 15    Int: 10    God:
Gold:   391        SH:  6    Dex: 19    Spells: 9/9 levels left

rFire   . . .      SeeInvis .   e - +6 hand axe "Wetefeg" {venom, rC+ Dex+6}
rCold   + . .      Faith    .   c - +0 buckler
rNeg    . . .      Spirit   .   b - +0 scale mail
rPois   .          Reflect  .   (helmet restricted)
rElec   .          Harm     .   (no cloak)
rCorr   .          Rampage  .   (no gloves)
Will    .....                   (no boots)
Stlth   +.........              (no amulet)
HPRegen 0.22/turn               f - +4 ring of evasion
MPRegen 0.12/turn               (no ring)

@: no status effects
A: horns 2, ignite blood 1, sharp scales 2, claws 1, weak 1
a: no special abilities


You were on level 9 of the Dungeon.
You visited 2 branches of the dungeon, and saw 10 of its levels.

You collected 391 gold pieces.

Inventory:

Hand Weapons
 a - a +0 war axe
 e - the +6 hand axe "Wetefeg" (weapon) {venom, rC+ Dex+6}
   (You found it on level 5 of the Dungeon)

   It poisons the flesh of those it strikes.
   Dex:       It affects your dexterity (+6).
   rC:        It protects you from cold.
 n - a +1 falchion of protection
 q - a +2 dagger of flaming
 t - a +3 vampiric dagger
 A - a +3 long sword
Missiles
 d - 4 javelins (quivered)
 s - a curare-tipped dart
 x - 2 throwing nets
Armour
 b - a +0 scale mail (worn)
 c - a +0 buckler (worn)
 g - a +0 ring mail
 G - an orb of guile
Magical Staves
 l - a staff of air
Jewellery
 f - a +4 ring of evasion (left claw)
 r - an amulet of reflection
Wands
 h - a wand of acid (2)
 y - a wand of paralysis (6)
 z - a wand of polymorph (6)
Scrolls
 i - a scroll of amnesia
 j - a scroll of blinking
 k - a scroll of vulnerability
 m - 2 scrolls of magic mapping
 p - 2 scrolls of immolation
 w - a scroll of brand weapon
 B - a scroll of teleportation
 E - a scroll of enchant armour {unknown}
 F - a scroll of fog {unknown}
Potions
 o - 2 potions of haste
 u - 4 potions of curing {unknown}
 v - a potion of cancellation
 C - 2 potions of brilliance
 D - a potion of flight


   Skills:
 + Level 5.8 Fighting
 - Level 1.6(3.1) Short Blades
 + Level 4.1(4.3) Long Blades
 + Level 7.4 Axes
 + Level 7.0 Armour
 + Level 4.3 Dodging
 + Level 1.9 Stealth
 + Level 4.5 Shields


You had 9 spell levels left.
You didn't know any spells.
Your spell library contained the following spells:

 Spells                   Type           Power      Damage    Failure   Level
 Freeze                   Ice            0%         1d3       80%         1
 Slow                     Hex            0%         N/A       80%         1
 Sublimation of Blood     Necr           0%         N/A       91%         2
 Confusing Touch          Hex            0%         N/A       99%         3
 Dazzling Flash           Conj/Hex       0%         N/A       99%         3
 Frozen Ramparts          Ice            0%         1d2       99%         3
 Ozocubu's Armour         Ice            0%         N/A       99%         3
 Vampiric Draining        Necr           0%         2d6       99%         3
 Hailstorm                Conj/Ice       0%         3d3       100%        4
 Petrify                  Tmut/Erth      0%         N/A       100%        4
 Agony                    Necr           0%         N/A       100%        5
 Irradiate                Conj/Tmut      0%         3d14      100%        5
 Metabolic Englaciation   Hex/Ice        0%         N/A       100%        5
 Silence                  Hex/Air        0%         N/A       100%        5
 Simulacrum               Ice/Necr       0%         N/A       100%        6


Dungeon Overview and Level Annotations

Branches:
Dungeon (9/15)             Temple (1/1) D:5
   Lair: D:8-11         Orc: D:9-12

Altars:
Ashenzari
Cheibriados
Dithmenos
Elyvilon
Fedhas
Gozag
Hepliaklqana
Kikubaaqudgha
Makhleb
Nemelex Xobeh
Okawaru
Qazlal
Sif Muna
Trog
Uskayaw
Vehumet
Wu Jian
Xom
Yredelemnul
Zin
The Shining One

Shops:
D:5 !

Annotations:
D:9 Psyche


Innate Abilities, Weirdness & Mutations

You have a pair of horns on your head.
Your demonic aura sometimes causes spilled blood to erupt in flames.
You are mostly covered in razor-sharp scales. (AC +2, Slay +2)
You have sharp fingernails.
You are weak. (Str -2)


Message History

Found a hunting sling.
You see here a +0 hunting sling.
Things that are here:
a +0 shortbow; 27 arrows You see here 2 potions of degeneration.
You see here 23 stones.
Done exploring.
Done exploring.
Done exploring.
Done exploring.
Done exploring.
Done exploring.
(D) Dungeon (T) Temple
Where to? (Enter - D:8 @ (x,y), ? - help)
You see here 23 stones.
You see here 2 potions of degeneration.
There is a stone staircase leading down here.
You climb downwards.
There is a stone staircase leading up here.
Psyche is nearby!
Psyche is nearby!
Psyche zaps a wand.
The bolt of acid hits you!!
You hit Psyche.
Psyche is poisoned.
You headbutt Psyche.
Psyche is lightly wounded.
Psyche gestures wildly while chanting.
A swirling arc of seething chaos appears!
The arc of chaos hits you!
You suddenly lose the ability to move!
Psyche mumbles some strange words.
Psyche flickers and vanishes!
Deactivating autopickup; reactivate with Ctrl-A.
Something hits you!
You blink.
You can move again.
Something tries to affect you, but you resist.
Something hits you. Space warps around you. Something barely misses you.
You closely miss something.
You hear a zap.
A bolt of acid appears from out of thin air!
The bolt of acid hits you!!!
Ouch! That really hurt!
You die...

#.# #.#
#.# #.#
#.# #.#
#.########
#..@{...<#
##########


There were no monsters in sight!

Vanquished Creatures
  A hornet (D:7)
  Sigmund (D:6)
  A wraith (D:8)
  A steam dragon (D:7)
  2 vampire mosquitoes (D:8)
  Duvessa (D:4)
  2 orc warriors
  An ice beast (D:5)
  5 sky beasts
  2 necrophages
  An ogre (D:6)
  3 centaurs
  2 phantoms
  A kobold brigand (D:8)
  A bullfrog (D:8)
  2 scorpions
  Dowan (D:4)
  5 killer bees (D:8)
  3 wights (D:7)
  3 howler monkeys (D:7)
  2 centaur zombies (D:8)
  2 bullfrog skeletons
  5 hounds
  A centaur skeleton (D:7)
  3 orc priests
  4 iguanas
  An iron imp (D:3)
  5 orc wizards
  A killer bee zombie (D:6)
  A howler monkey skeleton (D:5)
  Robin (D:2)
  2 gnolls (D:8)
  9 adders
  3 shadow imps
  2 ufetubi
  6 worms
  3 dart slugs
  21 orcs
  6 bats
  9 endoplasms
  4 giant cockroaches
  23 goblins
  5 hobgoblins
  2 jackals (D:2)
  3 quokkas
  8 ball pythons
  A frilled lizard (D:2)
  16 kobolds
  5 rats
193 creatures vanquished.

Vanquished Creatures (others)
  2 fungi (D:3)
  6 plants (D:3)
8 creatures vanquished.

Grand Total: 201 creatures vanquished

Notes
Turn   | Place    | Note
-------+----------+-------------------------------------------
     0 | D:1      | Icepheonix32 the Demonspawn Fighter began the quest for the
                  | Orb.
     0 | D:1      | Reached XP level 1. HP: 18/18 MP: 1/1
   186 | D:1      | Gained mutation: You are partially covered in razor-sharp
                  | scales. (AC +1, Slay +1) [demonic ancestry]
   186 | D:1      | Reached XP level 2. HP: 22/24 MP: 2/2
   886 | D:2      | Reached XP level 3. HP: 29/29 MP: 3/3
  1280 | D:2      | Noticed Robin
  1306 | D:2      | Killed Robin
  1470 | D:2      | Gained mutation: Your demonic aura sometimes causes spilled
                  | blood to erupt in flames. [demonic ancestry]
  1470 | D:2      | Reached XP level 4. HP: 35/35 MP: 4/4
  2270 | D:3      | Reached skill level 1 in Dodging
  2356 | D:3      | Noticed a sky beast
  2370 | D:3      | Killed a sky beast
  2371 | D:3      | Reached skill level 1 in Long Blades
  2371 | D:3      | Gained mutation: You are mostly covered in razor-sharp
                  | scales. (AC +2, Slay +2) [demonic ancestry]
  2371 | D:3      | Reached XP level 5. HP: 13/41 MP: 5/5
  2582 | D:3      | Found a blossoming altar of Fedhas.
  2582 | D:3      | Found a stormy altar of Qazlal.
  2616 | D:3      | Found a faded altar of an unknown god.
  3228 | D:3      | Found a snail-covered altar of Cheibriados.
  3498 | D:4      | Gained mutation: You have a pair of small horns on your
                  | head. [demonic ancestry]
  3498 | D:4      | Reached XP level 6. HP: 30/48 MP: 6/6
  3783 | D:4      | Noticed Dowan
  3784 | D:4      | Noticed Duvessa
  3798 | D:4      | Killed Dowan
  3805 | D:4      | Killed Duvessa
  4097 | D:4      | Reached XP level 7. HP: 12/54 MP: 7/7
  4097 | D:4      | HP: 2/54 [orc priest/nerve-wracking pain (10)]
  4798 | D:4      | Reached skill level 1 in Stealth
  4852 | D:5      | Entered Level 5 of the Dungeon
  4872 | D:5      | Found Siur's Distillery.
  4929 | D:5      | Found a staircase to the Ecumenical Temple.
  4946 | D:5      | Identified the +6 hand axe "Wetefeg" {venom, rC+ Dex+6}
  4960 | Temple   | Entered the Ecumenical Temple
  5365 | D:5      | Reached skill level 1 in Short Blades
  5576 | D:5      | Gained mutation: You have a pair of horns on your head.
                  | [demonic ancestry]
  5576 | D:5      | Reached XP level 8. HP: 61/61 MP: 8/8
  5631 | D:5      | Reached skill level 5 in Armour
  6304 | D:5      | Gained mutation: You are weak. (Str -2) [potion of
                  | mutation]
  6304 | D:5      | Gained mutation: You have sharp fingernails. [potion of
                  | mutation]
  6414 | D:6      | Reached skill level 5 in Fighting
  6924 | D:6      | Noticed Sigmund
  6937 | D:6      | Killed Sigmund
  7463 | D:7      | Reached skill level 5 in Axes
  7463 | D:7      | Reached XP level 9. HP: 56/68 MP: 9/9
  7850 | D:7      | Identified the +2 helmet of the Gate {Slay+5}
  7928 | D:7      | Noticed a komodo dragon
  8637 | D:8      | Found an iron altar of Okawaru.
  9105 | D:8      | Reached XP level 10. HP: 68/76 MP: 10/10
 10029 | D:9      | Noticed Psyche
 10032 | D:9      | Paralysed by Psyche for 2 turns
 10037 | D:9      | Killed from afar by Psyche

Illustrated notes

Levels and vault maps discovered:
D:1:      eino_arrival_cavern_d, layout_rooms, grunt_decor_fettered,
          kennysheep_boxes
D:2:      layout_loops_corners, minmay_octomino_j4, uniq_robin
D:3:      layout_rooms, grunt_temple_overflow_forces_of_nature, slow_altar_1,
          shapermc_ecumenical_altar_hornbeckon, minmay_misc_feat_diagonals,
          nicolae_wormholes
D:4:      minmay_evil_eye, layout_cave_pods, tso_altar, hangedman_decor_points,
          uniq_duvessa
D:5:      layout_loops_corners, minmay_temple_entry_crystal_x, serial_shops,
          shop, kennysheep_small_square
D:6:      layout_loops_ring, nrook_mini_vaults, minivault_26,
          corexii_checkpoint_b, kennysheep_minor_cross, lemuel_flame_loot_1,
          uniq_sigmund
D:7:      layout_loops_ring, minivault_27, lightli_corner_chamber
D:8:      layout_basic, okawaru_altar_gauntlet_db
D:9:      layout_basic, lair_entry_dummy, gammafunk_ghost_necromancy,
          uniq_psyche
Temple:   kb_temple_of_zot

Skill      XL: |  1  2  3  4  5  6  7  8  9 |
---------------+----------------------------+-----
Axes           | 2 3 5 7 |  7.4
Armour         | 3 4 6 7 |  7.0
Dodging        | 1 2 3 4 |  4.3
Long Blades    | 1 2 3 4 |  4.1
Shields        | 3 4 |  4.5
Fighting       | 4 5 |  5.8
Stealth        | 1 |  1.9
Short Blades   | 1 |  1.6

Action                   |  1- 3 |  4- 6 |  7- 9 | 10-12 || total
-------------------------+-------+-------+-------+-------++-------
Melee: War axe           |   111 |     3 |       |       ||   114
       Falchion          |       |   122 |       |       ||   122
       Dagger            |       |    24 |    40 |       ||    64
       Headbutt          |       |     4 |    54 |     5 ||    63
       Hand axe          |       |       |   227 |    12 ||   239
       Unarmed           |       |       |     1 |       ||     1
  Use: Potion            |       |     2 |     2 |       ||     4
       Scroll            |       |       |    12 |     3 ||    15
Armor: Scale mail        |    49 |    54 |    82 |     1 ||   186
Dodge: Dodged            |    82 |    89 |   190 |    14 ||   375
Block: Buckler           |    25 |    29 |    72 |     3 ||   129
